 Dungeon Crawl Stone Soup version 0.30-a0-782-ge64f9170bb (webtiles) character file.

Game seed: 2173066574415394322

43 Nedwor the Poker (level 3, -14/29 HPs)
             Began as a Demonspawn Monk on Feb 25, 2023.
             Killed by an exploding quokka (43 damage)
             ... ignited by their inner flame
             ... on level 2 of the Dungeon.
             The game lasted 00:02:35 (1309 turns).

Nedwor the Poker (Demonspawn Monk)                  Turns: 1309, Time: 00:02:36

Health: -14/29     AC:  5    Str: 13    XL:     3   Next: 37%
Magic:  3/3        EV: 11    Int: 11    God:
Gold:   76         SH:  0    Dex: 15    Spells: 2/2 levels left

rFire   . . .      SeeInvis .    a - +0 spear
rCold   . . .      Faith    .    (no shield)
rNeg    . . .      Spirit   .    m - +0 ring mail
rPois   .          Reflect  .    (no helmet)
rElec   .          Harm     .    (no cloak)
rCorr   .          Rampage  .    (no gloves)
Will    .....                    (no boots)
Stlth   +                        (no amulet)
HPRegen 0.24/turn                (no ring)
MPRegen 0.08/turn                (no ring)

@: weak-willed
A: powered by pain 1
a: no special abilities


You were on level 2 of the Dungeon.
You visited 1 branch of the dungeon, and saw 2 of its levels.

You collected 76 gold pieces.

Inventory:

Hand Weapons
 a - a +0 spear (weapon)
Armour
 m - a +0 ring mail (worn)
Potions
 c - a potion of ambrosia
 d - a potion of brilliance
 h - a potion of flight {unknown}
 i - a potion of lignification {unknown}
 l - 2 potions of might {unknown}


   Skills:
 + Level 3.3 Fighting
 * Level 3.3 Polearms
 + Level 1.0 Armour
 + Level 3.0 Dodging
 - Level 1.7 Stealth


You had 2 spell levels left.
You didn't know any spells.
Your spell library contained the following spells:

 Spells                   Type           Power      Damage    Failure   Level
 Foxfire                  Conj/Fire      0%         2x1d4     58%         1
 Ignite Poison            Fire/Tmut/Pois 0%         N/A       92%         3
 Sticky Flame             Conj/Fire      0%         2d3       100%        4
 Fireball                 Conj/Fire      0%         3d3       100%        5
 Starburst                Conj/Fire      0%         6d3       100%        6
 Ignition                 Fire           0%         3d3       100%        8


Dungeon Overview and Level Annotations

Branches:
Dungeon (2/15)

Altars:


Innate Abilities, Weirdness & Mutations

You sometimes gain a little power by taking damage.


Message History

No target in view!
No target in view!
No target in view!
No target in view!
No target in view!
No target in view!
No target in view!
You see here a +0 ring mail.
m - a +0 ring mail You start removing your armour.
You continue taking off your +0 leather armour. x4
You finish taking off your +0 leather armour.
You start putting on your armour.
You continue putting on your +0 ring mail. x5
You finish putting on your +0 ring mail.
You drop a +0 leather armour.
As you read the scroll labelled XUCYOH HERGHYST, it crumbles to dust.
It is a scroll of identify.
d - a potion of brilliance
As you read the scroll labelled YKLEUMM KYSHIU, it crumbles to dust.
You feel strangely unstable.
It was a scroll of teleportation.
As you read the scroll labelled GYPLEU YCLEEDO, it crumbles to dust.
You assume a fearsome visage.
Nothing appears to happen.
It was a scroll of fear.
As you read the scroll labelled XAOQON COBI, it crumbles to dust.
Magic quickly surges around you.
It was a scroll of vulnerability.
Your surroundings suddenly seem different.
A quokka and a ball python come into view.
Found a hand axe.
Found a stone staircase leading down.
The ball python hisses angrily.
As you read the scroll labelled XUIGOO XOMA, it crumbles to dust.
The creatures around you are filled with an inner flame!
It was a scroll of immolation.
You hit the quokka.
Flame seeps out of the quokka.
The quokka is almost dead.
The quokka is engulfed in blazing flames.
The quokka explodes!
The fiery explosion engulfs you!!!
Ouch! That really hurt!
You die...

#.#
..#
.#.#
..
....
S.
....
.#
..##
.# #§
#
#○##.#
#@.#
#.##.#
... ..
.....
.#
###..#
.. ##.
.. ..
> ##


You could see a ball python (inner flame).

Vanquished Creatures
  An adder (D:2)
  3 endoplasms
  2 giant cockroaches
  4 goblins (D:1)
  3 hobgoblins
  4 jackals (D:2)
  2 quokkas
  6 bats
  3 frilled lizards
  3 kobolds
  A rat (D:2)
32 creatures vanquished.

Notes
Turn   | Place    | Note
-------+----------+-------------------------------------------
     0 | D:1      | Nedwor the Demonspawn Monk began the quest for the Orb.
     0 | D:1      | Reached XP level 1. HP: 18/18 MP: 1/1
   112 | D:1      | Found a faded altar of an unknown god.
   157 | D:1      | Gained mutation: You sometimes gain a little power by
                  | taking damage. [demonic ancestry]
   157 | D:1      | Reached XP level 2. HP: 24/24 MP: 2/2
   977 | D:2      | Reached XP level 3. HP: 12/29 MP: 3/3
  1048 | D:2      | Reached skill level 1 in Armour
  1309 | D:2      | Killed by an exploding quokka... ignited by their inner
                  | flame

Illustrated notes

Levels and vault maps discovered:
D:1:      roderic_crossed_star, layout_basic,
          ebering_ecumenical_altar_sacrificial
D:2:      layout_basic, basic_altar, chequers_arboretum, corner_web_ring,
          corexii_item_surrounded_by_moat, minmay_small_reverse_x

Skill      XL: |  1  2  3 |
---------------+----------+-----
Polearms       | 3 |  3.3
Armour         | 1 |  1.0
Dodging        | 3 |  3.0
Fighting       | |  3.3
Stealth        | |  1.7

Action                     || total
---------------------------++-------
  Melee: Spear             ||   123
    Use: Scroll            ||     5
   Stab: Sleeping          ||     5
 Armour: Robe              ||     7
         Leather armour    ||    20
  Dodge: Dodged            ||    74

Table legend: (Time is in decaauts)
 A = Elapsed time spent in this place.
 B = Non-inter-level travel time spent in this place.
 C = Inter-level travel time spent in this place.
 D = Time resting spent in this place.
 E = Time spent auto-exploring this place.
 F = Levels seen in this place.
 G = Mean time per level.
                   A        B        C        D        E       F      G
               +--------+--------+--------+--------+--------+-----+--------+
         Total |   1303 |   1266 |     37 |    231 |    774 |   2 |  651.5 |
       Dungeon |   1303 |   1266 |     37 |    231 |    774 |   2 |  651.5 |
               +--------+--------+--------+--------+--------+-----+--------+

Top non-repeatable levels by time:
     D:1: 925 daAuts
     D:2: 378 daAuts
